 Dungeon Crawl Stone Soup version 0.27.0-1-g7a089689b8 (webtiles) character file.

Game seed: 480551720666864679

4237 mandarbmax the Grappler (level 10, -6/92 HPs)
             Began as a Troll Transmuter on Aug 7, 2021.
             Was a Believer of Cheibriados.
             Mangled by a gnoll shaman (12 damage)
             ... in a bailey.
             The game lasted 00:17:08 (6856 turns).

mandarbmax the Grappler (Troll Transmuter)          Turns: 6856, Time: 00:17:10

Health: -6/92      AC: 12    Str: 25    XL:     10   Next: 9%
Magic:  10/12      EV: 11    Int: 23    God:    Cheibriados [**....]
Gold:   328        SH:  0    Dex: 15    Spells: 10/13 levels left

rFire    . . .     SeeInvis .     - Unarmed
rCold    . . .     Faith    .   (no shield)
rNeg     . . .     Spirit   .   q - +0 acid dragon scales
rPois    .         Reflect  .   (helmet currently unavailable)
rElec    .         Harm     .   n - scarf {repulsion}
rCorr    +         Rampage  .   (gloves unavailable)
Will     .....                  (boots unavailable)
Stlth    +.........             (no amulet)
HPRegen  1.25/turn              i - +4 ring of protection
MPRegen  0.13/turn              j - +6 ring of intelligence

@: appendages (expiring), wereblooded, attractive, flying, repel missiles, very
slow
A: horns 2, talons 2, large, unfitting armour, claws 3, regeneration 1, shaggy
fur 1, tough skin 1
a: End Transformation, Renounce Religion, Bend Time


You were in a bailey.
You worshipped Cheibriados.
Cheibriados was pleased with you.
You had temporarily grown beastly horns and talons.
You visited 2 branches of the dungeon, and saw 8 of its levels.
You also visited: Bailey.

You collected 328 gold pieces.

Inventory:

Missiles
 e - 8 throwing nets
 f - a curare-tipped dart
 g - 16 boomerangs
 y - 6 poisoned darts (quivered)
Armour
 n - a scarf of repulsion (worn)
 q - +0 acid dragon scales (worn)
Magical Staves
 b - a staff of earth
Jewellery
 i - a +4 ring of protection (left claw)
 j - a +6 ring of intelligence (right claw)
 v - a ring of positive energy
Wands
 d - a wand of mindburst (9)
 h - a wand of iceblast (7)
Scrolls
 a - a scroll of silence {unknown}
 l - 4 scrolls of identify {unknown}
 m - 2 scrolls of enchant weapon {unknown}
 o - a scroll of teleportation {unknown}
 p - 2 scrolls of magic mapping {unknown}
 r - 3 scrolls of immolation {unknown}
 s - 2 scrolls of amnesia {unknown}
 w - 3 scrolls of blinking {unknown}
 x - a scroll of vulnerability {unknown}
 z - a scroll of acquirement {unknown}
Potions
 k - a potion of brilliance {unknown}
 t - a potion of haste {unknown}
 u - a potion of heal wounds {unknown}


   Skills:
 + Level 4.1 Fighting
 - Level 3.0 Throwing
 - Level 2.0 Armour
 + Level 4.1 Dodging
 + Level 11.8 Unarmed Combat
 - Level 2.0 Spellcasting
 - Level 2.0 Transmutations
 + Level 0.9 Invocations


You had 10 spell levels left.
You knew the following spells:

 Your Spells              Type           Power      Damage    Failure   Level
a - Beastly Appendage     Tmut           22%        N/A       7%          1
b - Wereblood             Tmut           11%        N/A       11%         2

Your spell library contained the following spells:

 Spells                   Type           Power      Damage    Failure   Level
 Sting                    Tmut/Pois      24%        1d4       11%         1
 Magic Dart               Conj           8%         1d3       16%         1
 Sandblast                Erth           4%         2d4       16%         1
 Passwall                 Tmut/Erth      5%         N/A       16%         2
 Poisonous Vapours        Pois/Air       4%         N/A       24%         2
 Searing Ray              Conj           4%         3d3       24%         2
 Spider Form              Tmut/Pois      3%         N/A       30%         3
 Ice Form                 Ice/Tmut       6%         N/A       71%         4
 Fulminant Prism          Conj/Hex       1%         3d6       83%         4
 Iskenderun's Mystic Bla  Conj/Tloc      2%         2d3       83%         4
 Olgreb's Toxic Radiance  Pois           2%         N/A       83%         4
 Lee's Rapid Deconstruct  Erth           1%         3d5*      99%         5


Dungeon Overview and Level Annotations

Branches:
Dungeon (7/15)             Temple (1/1) D:6          Bailey (1/1)

Altars:
Cheibriados
Dithmenos
Elyvilon
Gozag
Hepliaklqana
Kikubaaqudgha
Makhleb
Nemelex Xobeh
Okawaru
Qazlal
Ru
Trog
Uskayaw
Vehumet
Wu Jian
Zin
The Shining One

Shops:
D:4 :


Innate Abilities, Weirdness & Mutations

You have temporarily grown beastly horns and talons.
You are too large for most types of armour.
You have claws for hands.
Your natural rate of healing is unusually fast.
You are covered in fur. (AC +1)
You have tough skin. (AC +1)


Message History

The gnoll closely misses you.
You scratch the gnoll sergeant. Your kick misses the gnoll sergeant.
You headbutt the gnoll sergeant.
The gnoll sergeant is heavily wounded.
The gnoll sergeant hits you but does no damage.
The gnoll shaman completely misses you.
Unknown command.
You scratch the gnoll sergeant. Your kick misses the gnoll sergeant.
You headbutt the gnoll sergeant, but do no damage.
The gnoll sergeant is severely wounded.
You howl as the wereblood boils in your veins!
The gnoll hits you with a +0 spear. The gnoll sergeant misses you.
The gnoll sergeant hits you from afar with a +0 glaive!
* * * LOW HITPOINT WARNING * * *
You scratch the gnoll sergeant. Your kick misses the gnoll sergeant.
The gnoll sergeant is severely wounded.
Your transformation is almost over.
The gnoll shaman hits you from afar with a +0 halberd!
* * * LOW HITPOINT WARNING * * *
The gnoll barely misses you.
The gnoll sergeant hits you with a +0 glaive!
* * * LOW HITPOINT WARNING * * *
You feel better.
The gnoll sergeant hits you but does no damage.
The gnoll shaman hits you but does no damage.
The gnoll barely misses you.
The gnoll sergeant hits you with a +0 glaive.
* * * LOW HITPOINT WARNING * * *
You feel better.
The gnoll sergeant completely misses you.
The gnoll shaman barely misses you. The gnoll barely misses you.
The gnoll sergeant hits you with a +0 glaive!
* * * LOW HITPOINT WARNING * * *
It was a potion of flight.
You feel very buoyant.
You fly up into the air.
The gnoll sergeant hits you from afar with a +0 glaive.
* * * LOW HITPOINT WARNING * * *
The gnoll shaman hits you from afar with a +0 halberd!
You die...

♣♣..≈..#.'..##...##.[))#..≈♣
♣...≈..######.....###'##..≈♣
)......'...#.......#[[[...≈♣
)).....')..'...8..[').....≈♣
)......'...#....)..#[.....≈♣
♣...≈..######.....###'##..≈♣
♣...≈..# + ##...##....#..≈♣
♣...≈..# #...#####.....#..≈♣
♣♣..≈..# #...ggg@....(.#..≈♣
♣♣.≈..# #....g#g.....##..≈♣
♣.≈..###.8.. #...8.## ≈♣
♣♣≈≈...#### #######
♣♣≈≈≈≈≈≈≈≈≈≈ ♣♣♣♣♣♣♣♣♣♣♣


You could see 2 gnoll sergeants, 2 gnoll shamans and a gnoll.

Vanquished Creatures
  A slime creature (D:6)
  Sigmund (D:2)
  5 yaks (D:6)
  A water moccasin (D:7)
  An acid dragon (D:5)
  An orc warrior (D:7)
  A hornet zombie (D:7)
  An ice beast (D:6)
  A black bear (D:5)
  2 ogres
  A sky beast (D:6)
  2 kobold brigands
  6 gnoll sergeants (Bailey)
  2 bullfrogs
  3 wights (D:7)
  A howler monkey (D:5)
  4 hounds
  2 bullfrog skeletons
  5 jellies
  A bullfrog zombie (D:6)
  2 centaur skeletons
  6 gnoll shamans
  Jessica (D:2)
  4 iguanas
  Terence (D:2)
  A hound skeleton (D:5)
  35 gnolls
  2 howler monkey skeletons
  8 adders
  A white imp (D:6)
  An ufetubus (D:5)
  3 dart slugs
  A worm (D:2)
  28 orcs
  6 ball pythons
  5 bats
  8 endoplasms
  7 giant cockroaches
  13 goblins
  9 hobgoblins
  4 jackals (D:2)
  A quokka (D:4)
  4 frilled lizards
  16 kobolds
  4 rats
213 creatures vanquished.

Vanquished Creatures (collateral kills)
  A bat (D:3)
  A kobold (D:3)
2 creatures vanquished.

Vanquished Creatures (others)
  8 toadstools (D:6)
8 creatures vanquished.

Grand Total: 223 creatures vanquished

Notes
Turn   | Place    | Note
-------+----------+-------------------------------------------
     0 | D:1      | mandarbmax the Troll Transmuter began the quest for the
                  | Orb.
     0 | D:1      | Reached XP level 1. HP: 18/18 MP: 1/1
    49 | D:1      | Reached skill level 1 in Fighting
   127 | D:1      | Reached XP level 2. HP: 27/27 MP: 0/2
   150 | D:1      | Learned a level 2 spell: Wereblood
   447 | D:1      | Found a faded altar of an unknown god.
   591 | D:2      | Noticed Sigmund
   749 | D:2      | Noticed Jessica
   759 | D:2      | Killed Jessica
   760 | D:2      | Reached skill level 4 in Unarmed Combat
   760 | D:2      | Reached XP level 3. HP: 29/33 MP: 1/3
   929 | D:2      | Reached XP level 4. HP: 41/41 MP: 1/4
  1022 | D:2      | Reached skill level 5 in Unarmed Combat
  1361 | D:2      | Killed Sigmund
  1362 | D:2      | Reached skill level 6 in Unarmed Combat
  1362 | D:2      | Reached XP level 5. HP: 35/48 MP: 3/5
  1362 | D:2      | Reached XP level 6. HP: 40/55 MP: 3/6
  1748 | D:2      | Noticed Terence
  1757 | D:2      | Killed Terence
  2797 | D:4      | Found Ugouqil's Self-Improvement Boutique.
  2897 | D:4      | Reached skill level 7 in Unarmed Combat
  2951 | D:4      | Reached XP level 7. HP: 61/62 MP: 5/9
  3265 | D:5      | Entered Level 5 of the Dungeon
  3488 | D:5      | Reached skill level 8 in Unarmed Combat
  3691 | D:5      | Reached skill level 1 in Armour
  3691 | D:5      | Reached XP level 8. HP: 75/75 MP: 6/10
  4413 | D:6      | Reached skill level 1 in Throwing
  4667 | D:6      | Reached skill level 9 in Unarmed Combat
  4678 | D:6      | Reached XP level 9. HP: 68/84 MP: 6/11
  4829 | D:6      | Found a staircase to the Ecumenical Temple.
  5115 | Temple   | Entered the Ecumenical Temple
  5161 | Temple   | Became a worshipper of Cheibriados the Contemplative
  5299 | D:6      | Reached skill level 10 in Unarmed Combat
  5708 | D:6      | Killed a large slime creature
  5711 | D:6      | Reached * piety under Cheibriados
  5800 | D:7      | Was placed under penance by Cheibriados
  5808 | D:7      | Was forgiven by Cheibriados
  6020 | D:7      | Reached skill level 11 in Unarmed Combat
  6239 | D:7      | Found a flagged portal.
  6248 | Bailey   | Entered a bailey
  6266 | Bailey   | Reached ** piety under Cheibriados
  6664 | Bailey   | Reached XP level 10. HP: 92/92 MP: 8/12
  6680 | Bailey   | HP: 2/92 [gnoll sergeant (16)]
  6853 | Bailey   | HP: 2/92 [gnoll sergeant (7)]
  6856 | Bailey   | Mangled by a gnoll shaman

Illustrated notes

Levels and vault maps discovered:
D:1:      dpeg_arrival_rooms_b, layout_basic,
          hellmonk_ecumenical_altar_heavens_door
D:2:      layout_loops_ring, uniq_terence, uniq_sigmund, uniq_jessica
D:3:      layout_rooms, hangedman_glass_teeth
D:4:      layout_loops_ring, nicolae_shop_self_help
D:5:      layout_gridville
D:6:      cheibrodos_fertilizer, layout_basic, temple_hall, sigmund_army
D:7:      minmay_general_purpose_star, layout_gridville,
          overflow_temple_1_default, enter_bailey_8
Temple:   compressed_dpeg_triangle_lava_temple
Bailey:   bailey_polearm_gnolls_kennysheep, bailey

Skill      XL: |  1  2  3  4  5  6  7  8  9 |
---------------+----------------------------+-----
Fighting       | 1 3 4 |  4.1
Dodging        | 2 4 |  4.1
Unarmed Combat | 4 6 7 8 9 11 | 11.8
Transmutations | 2 |  2.0
Spellcasting   | 2 |  2.0
Armour         | 1 2 |  2.0
Throwing       | 3 |  3.0
Invocations    | |  0.9

Action                   |  1- 3 |  4- 6 |  7- 9 | 10-12 || total
-------------------------+-------+-------+-------+-------++-------
Melee: Unarmed           |    33 |   165 |   246 |    32 ||   476
       Kick              |     7 |    23 |    68 |    11 ||   109
       Headbutt          |     2 |    14 |    36 |    10 ||    62
       Punch             |       |     1 |    11 |     4 ||    16
Throw: Boomerang         |       |    11 |     9 |       ||    20
       Dart              |       |     2 |     6 |       ||     8
 Cast: Beastly Appendage |    12 |    45 |    45 |     3 ||   105
       Wereblood         |       |     6 |    21 |     1 ||    28
Evoke: Wand              |       |       |     4 |       ||     4
  Use: Potion            |       |       |       |     9 ||     9
Armor: Robe              |     3 |    48 |     6 |       ||    57
       Acid dragon scale |       |       |   114 |    12 ||   126
Dodge: Dodged            |    13 |    93 |   111 |    41 ||   258
       Repelled          |       |       |     1 |       ||     1
